 Dungeon Crawl Stone Soup version 0.17-a0-1760-ga6756ae (webtiles) character file.

254 KambridgeKobold the Stinger (level 6, -5/46 HPs)
             Began as a Merfolk Venom Mage on Sept 3, 2015.
             Slain by an orc warrior
             ... wielding a +0 halberd
              (7 damage)
             ... on level 3 of the Dungeon.
             The game lasted 00:20:01 (4323 turns).

KambridgeKobold the Stinger (Merfolk Venom Mage)    Turns: 4323, Time: 00:20:02

Health: -5/46      AC:  5    Str:  8    XL:     6   Next: 15%
Magic:  6/12       EV: 12    Int: 14    God:
Gold:   127        SH:  0    Dex: 17    Spells: 3 memorised, 6 levels left

rFire  . . .     SeeInvis .     x - +2 dagger (speed)
rCold  . . .     Clarity  .     s - +0 troll leather armour
rNeg   . . .     SustAt   .     (no shield)
rPois  .         Gourm    .     (no helmet)
rElec  .         Spirit   .     t - +0 cloak
rCorr  .         Warding  .     (no gloves)
rMut   .         Rnd*Tele +     (no boots)
MR     .....                    p - amulet of rage
Stlth  ++........               (no ring)
                                f - ring of teleportation (curse)

@: not resistant to hostile enchantments, unstealthy
A: change form in water, swift swim
a: Evoke Berserk Rage, Evoke Teleportation


You were on level 3 of the Dungeon.
You were not hungry.

You visited 1 branch of the dungeon, and saw 4 of its levels.

You collected 127 gold pieces.

Inventory:

Hand weapons
 d - a +0 dagger
 e - a +0 short sword
 i - a +3 short sword
 j - a +1 short sword of speed
 x - a +2 dagger of speed (weapon)
Armour
 a - a +0 robe
 h - a +0 ring mail
 s - a +0 troll leather armour (worn)
 t - a +0 cloak (worn)
Jewellery
 f - a cursed ring of teleportation (left hand)
 p - an amulet of rage (around neck)
Scrolls
 l - a scroll of teleportation {unknown}
 m - 3 scrolls of identify {unknown}
 o - a scroll of remove curse {unknown}
 q - a scroll of immolation {unknown}
Potions
 g - a potion of curing
 k - 3 potions of ambrosia {unknown}
 n - 2 potions of agility {unknown}
 r - 2 potions of heal wounds {unknown}
 w - 2 potions of invisibility {unknown}
 z - a potion of haste
Books
 b - a Young Poisoner's Handbook

   Spells                             Type                      Level
   a - Sting                          Conjuration/Poison           1
   b - Cure Poison                    Poison                       2
   c - Mephitic Cloud                 Conjuration/Poison/Air       3
   d - Olgreb's Toxic Radiance        Poison                       4
   e - Venom Bolt                     Conjuration/Poison           5
 u - a book of Conjurations

   Spells                             Type                      Level
   a - Magic Dart                     Conjuration                  1
   b - Searing Ray                    Conjuration                  2
   c - Dazzling Spray                 Conjuration/Hexes            3
   d - Fulminant Prism                Conjuration/Hexes            4
   e - Iskenderun's Mystic Blast      Conjuration                  4
   f - Iskenderun's Battlesphere      Conjuration/Charms           5
Comestibles
 c - 2 bread rations


   Skills:
 + Level 2.7 Fighting
 - Level 2.6 Dodging
 - Level 2.1 Stealth
 - Level 4.0 Spellcasting
 + Level 5.8 Poison Magic


You had 6 spell levels left.
You knew the following spells:

 Your Spells              Type           Power        Failure   Level  Hunger
a - Sting                 Conj/Pois      ##..         12%         1    None
b - Cure Poison           Pois           ###.......   4%          2    ##.....
c - Olgreb's Toxic Radia  Pois           ###.....     30%         4    ####...


Dungeon Overview and Level Annotations

Branches:
Dungeon (4/15)
 Temple: D:4-7

Altars:
Fedhas
Nemelex Xobeh


Message History

You feel sick.
You feel sick.
You feel sick.
You hit the orc warrior but do no damage.
The orc warrior is heavily wounded.
The orc warrior looks more healthy.
The orc warrior hits you with a halberd.
You hit the orc warrior but do no damage.
The orc warrior is heavily wounded.
You hit the orc warrior but do no damage.
The orc warrior is heavily wounded.
You feel sick.
The orc warrior hits you with a halberd!!
Ouch! That really hurt!
* * * LOW HITPOINT WARNING * * *
Casting: Olgreb's Toxic Radiance
Confirm with . or Enter, or press ? or * to list all spells.
You are no longer poisoned.
The orc warrior hits you with a halberd!
You die...

#.# #.#...o..
######.####.#.#####
#........<#.#.#
#.####.##.#.#.# #.#
#.##.#.#)# #.# #.##.#.#.#
#.# #........# #o##
########## #.@# ## ###.# #.
########...## #.
#.....#.....##### #.
#...............# #.
#...............##########.
#...[.##...###.............
#.h........####.#.#########
#.#.##.##.........#


You could see an orc warrior.

Vanquished Creatures
  Crazy Yiuf (D:2)
  Terence (D:3)
  Natasha (twice) (D:3)
  Robin (D:3)
  A gnoll (D:1)
  5 adders
  3 worms
  2 giant geckos
  An orc (D:3)
  3 giant cockroaches
  17 goblins
  11 hobgoblins
  2 ball pythons
  8 bats
  6 giant newts
  9 jackals
  6 kobolds
  2 quokkas (D:3)
  15 rats
96 creatures vanquished.

Notes
Turn   | Place    | Note
--------------------------------------------------------------
     0 | D:1      | KambridgeKobold the Merfolk Venom Mage began the quest for the Orb.
     0 | D:1      | Reached XP level 1. HP: 13/13 MP: 3/3
   372 | D:1      | Reached XP level 2. HP: 18/20 MP: 1/5
   711 | D:1      | Reached XP level 3. HP: 23/25 MP: 0/6
   801 | D:1      | Found a sparkling altar of Nemelex Xobeh.
  1178 | D:1      | Reached skill level 1 in Fighting
  1460 | D:1      | Reached skill level 5 in Poison Magic
  1888 | D:2      | Reached XP level 4. HP: 32/32 MP: 8/8
  3109 | D:2      | Noticed Crazy Yiuf
  3211 | D:2      | Killed Crazy Yiuf
  3211 | D:2      | Reached XP level 5. HP: 23/38 MP: 1/10
  3434 | D:3      | Learned a level 2 spell: Cure Poison
  3465 | D:3      | Found a blossoming altar of Fedhas.
  3475 | D:3      | Noticed Natasha
  3493 | D:3      | Killed Natasha
  3597 | D:3      | Noticed Robin
  3629 | D:3      | Noticed Natasha
  3876 | D:3      | Killed Natasha
  3947 | D:3      | Killed Robin
  3956 | D:3      | Learned a level 4 spell: Olgreb's Toxic Radiance
  4027 | D:3      | Reached XP level 6. HP: 46/46 MP: 3/12
  4192 | D:3      | Noticed Terence
  4207 | D:3      | Killed Terence
  4322 | D:3      | HP: 2/46 [orc warrior/halberd (28)]
  4323 | D:3      | Slain by an orc warrior

Vault maps used:
D:1:      scummos_arrival_forest, nemelex_xobeh_ov_fountains_minmay
D:2:      nrook_loot_triangle, uniq_crazy_yiuf_cottage
D:3:      first_bread, fedhas_altar_1, uniq_natasha, uniq_robin, uniq_terence
D:4:      minivault_11

Action                   |  1- 3 |  4- 6 || total
-------------------------+-------+-------++-------
Melee: Dagger            |     5 |    30 ||    35
       Short sword       |    52 |   102 ||   154
 Cast: Sting             |    55 |   113 ||   168
       Olgreb's Toxic Ra |       |     3 ||     3
       Cure Poison       |       |     3 ||     3
  Use: Scroll            |     1 |       ||     1
 Stab: Sleeping          |     1 |     5 ||     6
  Eat: Chunk             |     3 |    10 ||    13
